 Dungeon Crawl Stone Soup version 0.24-a0-244-ga6a6ab7 (webtiles) character file.

Game seed: 10635829688965464373

3534 Veiltonx the Basher (level 9, 0/80 HPs)
             Began as a Minotaur Fighter on Apr 11, 2019.
             Was an Elder of Okawaru.
             Slain by an anaconda (shapeshifter) (1 damage)
             ... on level 9 of the Dungeon.
             The game lasted 00:32:59 (6147 turns).

Veiltonx the Basher (Minotaur Fighter)              Turns: 6147, Time: 00:32:59

Health: 0/80       AC: 13    Str: 23    XL:     9   Next: 82%
Magic:  0/8        EV: 10    Int:  5    God:    Okawaru [****..]
Gold:   366        SH: 13    Dex: 11    Spells: 8/8 levels left

rFire    . . .     SeeInvis .   u - +1 whip (freeze)
rCold    . . .     Gourm    .   c - +0 shield
rNeg     . . .     Faith    .   p - +4 ring mail
rPois    +         Spirit   +   (helmet restricted)
rElec    .         Reflect  .   F - scarf {Spirit}
rCorr    .         Harm     .   (no gloves)
MR       .....                  (no boots)
Stlth    ++........             b - amulet of guardian spirit
HPRegen  0.23/turn              n - ring of poison resistance
MPRegen  0.11/turn              x - +2 ring of protection

@: heroism, constricted
A: retaliatory headbutt, horns 2
a: Heroism, Renounce Religion


You were on level 9 of the Dungeon.
You worshipped Okawaru.
Okawaru was greatly pleased with you.
You were hungry.

You visited 1 branch of the dungeon, and saw 9 of its levels.

You collected 366 gold pieces.

Inventory:

Hand Weapons
 a - a +0 flail
 q - a +1 flail of holy wrath
 u - a +1 whip of freezing (weapon)
 z - a +0 morningstar
Missiles
 t - 3 silver tomahawks (quivered)
Armour
 c - a +0 shield (worn)
 p - a +4 ring mail (worn)
 B - a +0 cloak of invisibility
 F - a scarf of spirit shield (worn)
Jewellery
 b - an amulet of guardian spirit (around neck)
 e - an uncursed amulet of rage
 j - an uncursed ring of protection from cold
 n - a ring of poison resistance (left hand)
 x - a +2 ring of protection (right hand)
Wands
 o - a wand of digging (2)
 y - a wand of polymorph (6)
Scrolls
 h - 3 scrolls of fog
 i - 3 scrolls of blinking {unknown}
 k - 4 scrolls of remove curse
 l - 5 scrolls of teleportation
 m - 5 scrolls of amnesia
 r - 2 scrolls of magic mapping
 s - 3 scrolls of enchant weapon
 A - a scroll of summoning {unknown}
 C - a scroll of acquirement {unknown}
 D - 3 scrolls of immolation {unknown}
 E - a scroll of torment {unknown}
Potions
 d - 6 potions of might
 g - a potion of curing
 v - 3 potions of mutation
 w - 2 potions of brilliance {unknown}
Comestibles
 f - 14 rations
 G - 5 chunks of flesh


   Skills:
 + Level 7.6(12.6) Fighting
 * Level 12.1(17.1) Maces & Flails
 + Level 7.7(12.7) Armour
 + Level 7.6(12.6) Shields


You had 8 spell levels left.
You didn't know any spells.
Your spell library contained the following spells:

 Spells                   Type           Power        Failure   Level  Hunger
 Beastly Appendage        Tmut           #.....       71%         1    ##.....
 Corpse Rot               Necr           N/A          83%         2    ###....
 Sticks to Snakes         Tmut           #.......     83%         2    ###....
 Confuse                  Hex            #.......     97%         3    ####...
 Spider Form              Tmut/Pois      #.........   97%         3    ####...
 Ice Form                 Ice/Tmut       #.......     100%        4    #####..
 Blade Hands              Tmut           #.........   100%        5    ######.
 Bolt of Magma            Conj/Fire/Erth #.........   100%        5    ######.
 Iskenderun's Battlesphe  Conj/Chrm      #.......     100%        5    ######.
 Venom Bolt               Conj/Pois      #.........   100%        5    ######.
 Iron Shot                Conj/Erth      #.........   100%        6    #######
 Orb of Destruction       Conj           #.........   100%        7    #######
 Spellforged Servitor     Conj/Summ      #.........   100%        7    #######
 Discord                  Hex            #.........   100%        8    #######


Dungeon Overview and Level Annotations

Branches:
Dungeon (9/15)             Temple (0/1) D:4
   Lair: D:8-11         Orc: D:9-12

Altars:
Okawaru
Sif Muna
Wu Jian
The Shining One

Shops:
D:8 *(

Annotations:
D:8 Joseph


Innate Abilities, Weirdness & Mutations

You reflexively headbutt those who attack you in melee.
You have a pair of horns on your head.


Message History

The anaconda is severely wounded.
You miss the anaconda. Your headbutt misses the anaconda.
The anaconda is severely wounded.
The anaconda grabs you.
The anaconda bites you but does no damage.
* * * LOW HITPOINT WARNING * * *
The anaconda constricts you.
You whack the anaconda! You freeze the anaconda.
The anaconda is severely wounded.
You block the anaconda's attack.
* * * LOW HITPOINT WARNING * * *
The anaconda constricts you.
You miss the anaconda.
The anaconda is severely wounded.
You block the anaconda's attack.
* * * LOW HITPOINT WARNING * * *
The anaconda constricts you.
You feel better. The anaconda bites you!
* * * LOW HITPOINT WARNING * * *
You die...

......#.......... ###'###.... #.#
......#......... #..>.≈≈.... #.'
......#......... #....≈≈≈....#.#
......#.)..##'#####...≈≈≈≈......#
)....##....##.....#...≈≈≈####.###
.....#.................≈≈......##
.....#.#####..........≈m≈...##.##
)....#. ####..#####...≈..###.##
####.#. #.....@S(####≈≈### #.##
####.#. ###......(....######.##
.....# . ##........#####.##.##
.....#... ###......##....#..##
(........ ###..###........##
.(....... #####......#)...
.###....# #......##..). .###.(..#
####......##.)## .........
##.###.....#....#


You could see an anaconda shaped shifter.

Vanquished Creatures
  2 trolls (D:9)
  A hippogriff (D:8)
  A hungry ghost (D:7)
  2 orc warriors
  An ice beast (D:6)
  2 ogres
  A phantom (D:4)
  3 centaurs
  A big kobold (D:7)
  2 bullfrogs (D:6)
  4 scorpions
  3 wights (D:9)
  A crimson imp (D:5)
  2 centaur zombies
  A hound (D:7)
  Crazy Yiuf (D:5)
  3 jellies
  A bullfrog skeleton (D:5)
  5 orc priests
  A centaur skeleton (D:4)
  19 orc wizards
  Jessica (D:3)
  2 iguanas
  Natasha (twice) (D:3)
  Terence (D:3)
  4 worker ants
  2 worker ant zombies
  13 adders
  A shadow imp (D:6)
  An ooze (D:6)
  An adder zombie (D:6)
  A dart slug (D:4)
  6 leopard geckos
  24 orcs
  6 bats
  11 giant cockroaches
  9 goblins
  6 hobgoblins
  9 jackals
  A quokka (D:3)
  A ball python (D:4)
  6 frilled lizards
  A jackal zombie (D:4)
  16 kobolds
  2 leopard gecko skeletons
  7 rats
191 creatures vanquished.

Notes
Turn   | Place    | Note
-------+----------+-------------------------------------------
     0 | D:1      | Veiltonx the Minotaur Fighter began the quest for the Orb.
     0 | D:1      | Reached XP level 1. HP: 19/19 MP: 0/0
   113 | D:1      | Reached XP level 2. HP: 27/27 MP: 1/1
   150 | D:1      | Reached skill level 3 in Maces & Flails
   365 | D:2      | Reached XP level 3. HP: 33/33 MP: 2/2
   657 | D:2      | Found a glowing golden altar of the Shining One.
   692 | D:2      | Reached skill level 4 in Maces & Flails
  1009 | D:2      | Reached XP level 4. HP: 37/40 MP: 3/3
  1099 | D:2      | Found an ornate altar of the Wu Jian Council.
  1099 | D:2      | Found a deep blue altar of Sif Muna.
  1107 | D:2      | Found an iron altar of Okawaru.
  1111 | D:2      | Became a worshipper of Warmaster Okawaru
  1266 | D:3      | Noticed Jessica
  1432 | D:3      | Reached skill level 5 in Maces & Flails
  1581 | D:2      | Reached XP level 5. HP: 46/46 MP: 4/4
  1632 | D:3      | Noticed Terence
  1648 | D:3      | Killed Terence
  1648 | D:3      | Reached skill level 6 in Maces & Flails
  1810 | D:3      | Noticed Natasha
  1849 | D:3      | Killed Natasha
  1998 | D:3      | Noticed Natasha
  2003 | D:3      | Killed Natasha
  2134 | D:3      | Killed Jessica
  2134 | D:3      | Reached skill level 7 in Maces & Flails
  2241 | D:3      | Reached XP level 6. HP: 52/52 MP: 5/5
  2323 | D:4      | Reached * piety under Okawaru
  2338 | D:4      | Reached skill level 8 in Maces & Flails
  2414 | D:4      | Reached XP level 7. HP: 59/59 MP: 6/6
  2541 | D:4      | Found a staircase to the Ecumenical Temple.
  2706 | D:5      | Entered Level 5 of the Dungeon
  2782 | D:5      | Reached skill level 9 in Maces & Flails
  2932 | D:5      | Reached ** piety under Okawaru
  2982 | D:5      | Reached skill level 5 in Armour
  2982 | D:5      | Reached skill level 5 in Shields
  2989 | D:5      | Reached skill level 5 in Fighting
  3168 | D:5      | Found a runed translucent door.
  3169 | D:5      | Noticed Crazy Yiuf
  3183 | D:5      | Killed Crazy Yiuf
  3434 | D:6      | Reached XP level 8. HP: 68/68 MP: 7/7
  3702 | D:6      | Reached skill level 10 in Maces & Flails
  4707 | D:7      | Reached *** piety under Okawaru
  4761 | D:7      | Reached XP level 9. HP: 60/78 MP: 6/8
  4958 | D:7      | Reached skill level 11 in Maces & Flails
  5222 | D:8      | Found Leudgh's Assorted Antiques.
  5274 | D:8      | Found Iseiper's Weapon Emporium.
  5319 | D:8      | Noticed Joseph
  5363 | D:8      | Noticed a two-headed ogre
  5366 | D:9      | Noticed a troll
  5372 | D:9      | Killed a troll
  5637 | D:9      | Identified Judol's Tome of Entrancing Stolen Souls
  5759 | D:9      | Reached **** piety under Okawaru
  5933 | D:9      | Noticed a troll
  5952 | D:9      | Killed a troll
  5952 | D:9      | Reached skill level 12 in Maces & Flails
  6108 | D:9      | Noticed a shining eye
  6109 | D:9      | Noticed a water nymph
  6109 | D:9      | a shining eye changed into a water nymph
  6128 | D:9      | Noticed an eye of devastation
  6128 | D:9      | a water nymph changed into an eye of devastation
  6142 | D:9      | Noticed an anaconda
  6142 | D:9      | an eye of devastation changed into an anaconda
  6147 | D:9      | HP: 1/80 [anaconda (shapeshifter) (14)]
  6147 | D:9      | Slain by an anaconda (shapeshifter)

Levels and vault maps discovered:
D:1:      dpeg_arrival_boxorama, layout_rooms
D:2:      layout_basic, tso_oasis_becter, minitemple, minmay_worlds_worst_comb
D:3:      layout_loops_ring, minmay_fractal_squares_5, uniq_natasha,
          uniq_terence, uniq_jessica
D:4:      layout_rooms, minmay_temple_entry_drinking_statues
D:5:      layout_basic, first_ration, uniq_crazy_yiuf_cottage
D:6:      minmay_general_purpose_star, layout_basic
D:7:      layout_basic
D:8:      layout_rooms, serial_shops, nicolae_shop_behind_doors, shop,
          kennysheep_little_box, nicolae_shop_crystal, nicolae_shop_crystal,
          uniq_psyche, uniq_joseph
D:9:      minmay_flawed_box, layout_stronghold

Skill      XL: |  1  2  3  4  5  6  7  8  9 |
---------------+----------------------------+-----
Maces & Flails | 3 4 5 7 8 9 10 12 | 12.1
Fighting       | 4 5 6 7 |  7.6
Armour         | 4 5 6 7 |  7.7
Shields        | 4 5 6 7 |  7.6

Action                   |  1- 3 |  4- 6 |  7- 9 || total
-------------------------+-------+-------+-------++-------
Melee: Flail             |   107 |    69 |       ||   176
       Headbutt          |    15 |    22 |    92 ||   129
       Whip              |       |    58 |   465 ||   523
Throw: Tomahawk          |       |       |    11 ||    11
Invok: Heroism           |       |       |     2 ||     2
  Use: Scroll            |       |    10 |     2 ||    12
       Potion            |       |       |     1 ||     1
  Eat: Chunk             |       |     5 |    10 ||    15
       Ration            |       |       |     1 ||     1
Armor: Scale mail        |    58 |    11 |       ||    69
       Ring mail         |       |    42 |   122 ||   164
Dodge: Dodged            |    41 |    30 |    87 ||   158
Block: Shield            |    76 |    59 |   136 ||   271

Table legend:
 A = Non-vault XP
 B = Vault XP
 C = Vault XP percentage of total XP
 D = Non-vault monster count
 E = Vault monster count
 F = Vault count percentage of total count
                 A         B        C        D         E       F
            +---------+---------+-------+---------+---------+-------
      Total |    4481 |     568 |  11.2 |     169 |      22 |  11.5
            +---------+---------+-------+---------+---------+-------
        D:1 |      34 |       0 |   0.0 |      22 |       0 |   0.0
        D:2 |      82 |       8 |   8.9 |      23 |       4 |  14.8
        D:3 |     117 |     150 |  56.2 |      20 |       8 |  28.6
        D:4 |     609 |       0 |   0.0 |      21 |       0 |   0.0
        D:5 |     372 |      42 |  10.1 |      18 |       1 |   5.3
        D:6 |     741 |      87 |  10.5 |      18 |       2 |  10.0
        D:7 |    1085 |       0 |   0.0 |      26 |       0 |   0.0
        D:8 |     479 |       0 |   0.0 |       9 |       0 |   0.0
        D:9 |     962 |     281 |  22.6 |      12 |       7 |  36.8
            +---------+---------+-------+---------+---------+-------
